 Dungeon Crawl Stone Soup version 0.18-a0-1303-g41c131c (webtiles) character file.

114 nuthulu the Poker (level 4, 0/35 HPs)
             Began as a Merfolk Gladiator on Feb 12, 2016.
             Slain by an ogre
             ... wielding a +0 giant club
              (17 damage)
             ... on level 3 of the Dungeon.
             The game lasted 00:05:01 (2420 turns).

nuthulu the Poker (Merfolk Gladiator)               Turns: 2420, Time: 00:05:02

Health: 0/35       AC: 17    Str: 15    XL:     4   Next: 97%
Magic:  4/4        EV:  6    Int:  7    God:
Gold:   123        SH:  0    Dex: 15    Spells: 0 memorised, 3 levels left

rFire  . . .     SeeInvis .     a - +0 trident
rCold  . . .     Gourm    .     p - +0 plate armour
rNeg   . . .     Faith    .     (no shield)
rPois  .         Spirit   .     c - +1 helmet
rElec  .         Dismiss  .     n - +0 cloak
rCorr  .         Reflect  .     b - +0 pair of gloves
SustAt .         Harm     .     (no boots)
MR     .....                    (no amulet)
Stlth  ..........               (no ring)
                                q - +3 ring of protection

@: not resistant to hostile enchantments, extremely unstealthy
A: change form in water, swift swim
a: no special abilities


You were on level 3 of the Dungeon.
You were hungry.

You visited 1 branch of the dungeon, and saw 3 of its levels.

You collected 123 gold pieces.

Inventory:

Hand Weapons
 a - a +0 trident (weapon)
Missiles
 d - 2 throwing nets (quivered)
Armour
 b - a +0 pair of gloves (worn)
 c - a +1 helmet (worn)
 n - a +0 cloak (worn)
 p - a +0 plate armour (worn)
Jewellery
 q - a +3 ring of protection (left hand)
Scrolls
 g - a scroll of teleportation
 j - 2 scrolls of magic mapping
 k - 2 scrolls of amnesia
 l - a scroll of remove curse
Potions
 e - 2 potions of haste
 i - a potion of agility
 m - a potion of mutation {unknown}
 o - a potion of heal wounds {unknown}
Comestibles
 f - a bread ration
 h - a meat ration


   Skills:
 + Level 3.1 Fighting
 + Level 5.4 Polearms
 - Level 2.0 Throwing
 + Level 1.5 Armour
 + Level 5.0 Dodging


You had 3 spell levels left.
You didn't know any spells.

Dungeon Overview and Level Annotations

Branches:
Dungeon (3/15)

Altars:


Message History

The net rips apart, and the ogre comes free!
Attack whom?
Press: ? - help, Dir - move target cursor, f/p - ogre
Aim: an ogre, wielding a giant club (heavily wounded)
Your plate armour prevents you from hitting the ogre.
The ogre is heavily wounded.
The ogre hits you with a giant club!!
Ouch! That really hurt!
You hit the ogre.
The ogre is heavily wounded.
Your plate armour prevents you from hitting the ogre.
The ogre is heavily wounded.
The ogre barely misses you.
You puncture the ogre!
The ogre is almost dead.
The ogre barely misses you.
You hit the ogre.
The ogre is almost dead.
The ogre hits you with a giant club!
You die...

#...... ##...... #....... ##
#.#.#### #.. #.#...#. #.#
#....... ##.########## ###.....
#........>..# ######## #####
#....@O.....###....... ....#
#...........##........ .##.#
#..)........##........ .##.##
##'###########........ .#..<#
#...# #.............
.###.##########.####.#####.......
.# #..........#....#.#####.......
.# ###.......####.##....##....)..
[## #...†...# #.#####.##)......


You could see an ogre.

Vanquished Creatures
  Jessica (D:2)
  3 adders
  A shadow imp (D:3)
  A worm (D:3)
  2 giant geckos (D:2)
  A giant cockroach (D:3)
  9 goblins
  4 hobgoblins
  2 jackals (D:1)
  7 kobolds
  2 quokkas
  8 bats
  4 giant newts
  4 rats (D:1)
49 creatures vanquished.

Notes
Turn   | Place    | Note
--------------------------------------------------------------
     0 | D:1      | nuthulu the Merfolk Gladiator began the quest for the Orb.
     0 | D:1      | Reached XP level 1. HP: 16/16 MP: 1/1
   277 | D:1      | Reached XP level 2. HP: 22/22 MP: 2/2
   537 | D:1      | Reached XP level 3. HP: 28/28 MP: 3/3
   840 | D:2      | Reached skill level 5 in Polearms
   857 | D:2      | HP: 1/28 [poisoned by an adder]
  1431 | D:2      | Reached skill level 1 in Armour
  1642 | D:2      | Noticed Jessica
  1650 | D:2      | Killed Jessica
  1650 | D:2      | Reached XP level 4. HP: 28/35 MP: 4/4
  2077 | D:3      | Reached skill level 5 in Dodging
  2408 | D:3      | Noticed an ogre
  2420 | D:3      | Slain by an ogre

Vault maps used:
D:1:      ncdulo_lavacross
D:2:      uniq_jessica
D:3:      kennysheep_minor_cross

Action                   |  1- 3 |  4- 6 || total
-------------------------+-------+-------++-------
Melee: Trident           |   151 |    58 ||   209
Throw: Throwing net      |     1 |     1 ||     2
  Use: Scroll            |     9 |     3 ||    12
       Potion            |     2 |       ||     2
 Stab: Sleeping          |     2 |       ||     2
  Eat: Chunk             |     3 |     2 ||     5
